 Dungeon Crawl Stone Soup version 0.22.0-75-g3901e79 (webtiles) character file.

1169 Starchild the Slicer (level 8, -3/44 HPs)
             Began as a Kobold Hunter on Sept 14, 2018.
             Was an Initiate of Dithmenos.
             Slain by a black bear (6 damage)
             ... on level 6 of the Dungeon on Sept 15, 2018.
             The game lasted 00:46:20 (7948 turns).

Starchild the Slicer (Kobold Hunter)                Turns: 7948, Time: 00:46:21

Health: -3/44      AC: 10    Str: 10    XL:     8   Next: 68%
Magic:  8/8        EV: 15    Int: 13    God:    Dithmenos [......]
Gold:   318        SH:  0    Dex: 16    Spells: 7/7 levels left

rFire    . . .     SeeInvis .   m - +0 dagger (protect)
rCold    . . .     Gourm    .   (shield restricted)
rNeg     . . .     Faith    .   c - +0 leather armour
rPois    .         Spirit   .   (no helmet)
rElec    .         Reflect  .   (no cloak)
rCorr    .         Harm     .   (no gloves)
MR       .....                  (no boots)
Stlth    ++........             (no amulet)
HPRegen  0.14/turn              (no ring)
MPRegen  0.11/turn              (no ring)

@: protection aura
A: small, carnivore
a: Renounce Religion


You were on level 6 of the Dungeon.
You worshipped Dithmenos.
Dithmenos was noncommittal.
You were hungry.

You visited 2 branches of the dungeon, and saw 7 of its levels.
You also visited: Sewer.

You collected 318 gold pieces.

Inventory:

Hand Weapons
 a - a +1 hand crossbow
 m - a +0 dagger of protection (weapon)
Missiles
 d - 5 bolts
 h - 132 stones
 r - 4 tomahawks (quivered)
Armour
 c - a +0 leather armour (worn)
 y - a cursed -1 buckler
Wands
 b - a wand of flame (14)
 o - a wand of random effects (17)
Scrolls
 i - a scroll of identify
 j - 3 scrolls of teleportation
 k - 4 scrolls of amnesia
 l - a scroll of random uselessness {unknown}
 v - 2 scrolls of enchant armour {unknown}
 x - a scroll of remove curse {unknown}
Potions
 e - 3 potions of berserk rage
 g - a potion of flight {unknown}
 n - 2 potions of curing {unknown}
 p - 2 potions of heal wounds
 q - a potion of haste {unknown}
 s - 2 potions of brilliance {unknown}
 t - a potion of might {unknown}
 u - a potion of magic {unknown}
 w - 2 potions of degeneration {unknown}
 z - a potion of resistance {unknown}
 A - a potion of agility {unknown}
Comestibles
 f - 9 rations


   Skills:
 - Level 2.1 Fighting
 * Level 9.8 Short Blades
 + Level 8.7 Crossbows
 - Level 2.4 Dodging
 - Level 1.3 Stealth


You had 7 spell levels left.
You didn't know any spells.
Your spell library was empty.

Dungeon Overview and Level Annotations

Branches:
Dungeon (6/15)             Temple (1/1) D:4

Altars:
Ashenzari
Dithmenos
Fedhas
Gozag
Kikubaaqudgha
Makhleb
Nemelex Xobeh
Qazlal
Ru
Trog
Uskayaw
Vehumet
Yredelemnul
Zin
The Shining One

Annotations:
D:2 Grinder
D:3 Ijyb, Terence


Innate Abilities, Weirdness & Mutations

You are small and have problems with some larger weapons.
You are carnivorous and can eat meat at any time.


Message History

The black bear claws you.
* * * LOW HITPOINT WARNING * * *
You closely miss the black bear.
The black bear is almost dead.
You hit the black bear.
The black bear is almost dead.
The black bear bites you.
* * * LOW HITPOINT WARNING * * *
The black bear claws you.
* * * LOW HITPOINT WARNING * * *
The black bear barely misses you.
Evoke which item? (* to show all) (? for menu, Esc to quit)
Aiming: Random Effects
Press: ? - help, Shift-Dir - straight line, f/p - black bear
Aim: a black bear (almost dead, berserk, fast, unusually strong)
The black bear looks slightly unstable.
The black bear barely misses you. x2
The black bear claws you.
* * * LOW HITPOINT WARNING * * *
The black bear bites you.
You die...

#.#
#.............##
####.## #.#
#.#.#####...#.#
#.# #.###.#.#
#####.# #.#
#.......# #'##
#.# #####.###
#...# #.# ##.###
#..... #.##
#..#.## #......
#..#
#.#...####.......
####...
#........@h......
+......
#.#...####.......
####... #.##.##
#...... #...
#.#### #.....
#### #.# #...#
#<# ####'## #.#
#.. ..# #.# #.#
..# ####.####
#.##..#


You could see a black bear (berserk).

Vanquished Creatures
  A sky beast (D:6)
  A phantom (D:6)
  2 ogres (D:5)
  A scorpion (D:6)
  A howler monkey (D:4)
  A bullfrog zombie (D:6)
  2 crimson imps (D:5)
  A centaur zombie (D:5)
  A jelly (D:6)
  2 orc priests (D:6)
  A hound (D:4)
  An orc wizard (D:6)
  2 centaur skeletons (D:4)
  An iguana (D:5)
  2 worker ants
  A hound zombie (D:4)
  2 hound skeletons
  6 gnolls
  10 adders
  2 adder skeletons (D:4)
  An adder zombie (D:5)
  A dart slug (D:2)
  5 leopard geckos
  17 orcs
  8 bats
  3 giant cockroaches
  6 goblins
  8 hobgoblins
  15 jackals
  A quokka (D:2)
  7 ball pythons
  8 frilled lizards
  10 kobolds
  2 leopard gecko skeletons
  5 rats
138 creatures vanquished.

Vanquished Creatures (others)
  A quokka (D:3)
1 creature vanquished.

Grand Total: 139 creatures vanquished

Notes
Turn   | Place    | Note
-------+----------+-------------------------------------------
     0 | D:1      | Starchild the Kobold Hunter began the quest for the Orb.
     0 | D:1      | Reached XP level 1. HP: 12/12 MP: 1/1
    66 | D:1      | Reached skill level 5 in Crossbows
    82 | D:1      | Reached XP level 2. HP: 7/17 MP: 2/2
   372 | D:1      | Reached skill level 1 in Short Blades
   587 | D:1      | Reached XP level 3. HP: 19/21 MP: 3/3
  1187 | D:2      | Found a hide-covered altar of Uskayaw.
  1187 | D:2      | Noticed an enchanted hand axe
  1187 | D:2      | Noticed a dagger
  1227 | D:2      | Found a sacrificial altar of Ru.
  1234 | D:2      | Reached skill level 2 in Short Blades
  1234 | D:2      | Reached XP level 4. HP: 19/26 MP: 4/4
  1624 | D:2      | Reached skill level 3 in Short Blades
  1895 | D:2      | Reached XP level 5. HP: 24/30 MP: 5/5
  2060 | D:2      | Reached skill level 4 in Short Blades
  2094 | D:2      | Found a shattered altar of Ashenzari.
  2314 | D:3      | Noticed Grinder
  2677 | D:3      | Noticed Terence
  2758 | D:3      | Noticed Ijyb
  3011 | D:4      | Reached skill level 5 in Short Blades
  3034 | D:4      | Found a glowing drain.
  3041 | D:4      | Found a staircase to the Ecumenical Temple.
  3054 | Temple   | Entered the Ecumenical Temple
  3143 | Sewer    | Entered a sewer
  3321 | Sewer    | Reached XP level 6. HP: 35/35 MP: 6/6
  4102 | D:4      | Reached skill level 6 in Short Blades
  5057 | D:5      | Entered Level 5 of the Dungeon
  5071 | D:5      | Reached XP level 7. HP: 40/40 MP: 7/7
  5268 | D:5      | Reached skill level 7 in Short Blades
  5875 | D:5      | Reached skill level 8 in Short Blades
  5875 | D:5      | Reached XP level 8. HP: 37/44 MP: 8/8
  6133 | Temple   | Became a worshipper of Dithmenos the Shadowed
  6499 | D:6      | Reached skill level 9 in Short Blades
  7948 | D:6      | Slain by a black bear

Skill      XL: |  1  2  3  4  5  6  7  8 |
---------------+-------------------------+-----
Crossbows      | 5 6 7 8 |  8.7
Short Blades   | 1 2 3 5 6 8 9 |  9.8
Fighting       | |  2.1
Dodging        | |  2.4
Stealth        | |  1.3

Action                   |  1- 3 |  4- 6 |  7- 9 || total
-------------------------+-------+-------+-------++-------
Melee: Short sword       |   105 |    26 |       ||   131
       Dagger            |       |   452 |   406 ||   858
 Fire: Hand crossbow     |    10 |    55 |    72 ||   137
Throw: Stone             |       |    35 |    19 ||    54
       Tomahawk          |       |       |    16 ||    16
Evoke: Wand              |       |     2 |    16 ||    18
  Use: Scroll            |     1 |     4 |       ||     5
 Stab: Sleeping          |     2 |     1 |       ||     3
       Distracted        |       |     2 |       ||     2
       Paralysed         |       |       |     1 ||     1
  Eat: Chunk             |     1 |    14 |     6 ||    21
       Ration            |       |       |     1 ||     1
Armor: Leather armour    |    33 |   115 |    67 ||   215
Dodge: Dodged            |    82 |   342 |   167 ||   591
